 Dungeon Crawl Stone Soup version 0.24.0-41-g2ae2f7f1be (webtiles) character file.

Game seed: 13571123737472330194, levelgen mode: deterministic

40708 1994 the Blocker (level 14, -1/111 HPs)
             Began as a Formicid Fighter on Dec 13, 2019.
             Was the Champion of Okawaru.
             Killed from afar by a molten gargoyle (22 damage)
             ... with a bolt of magma
             ... in a Gauntlet on Dec 14, 2019.
             The game lasted 01:37:24 (18394 turns).

1994 the Blocker (Formicid Fighter)                Turns: 18394, Time: 01:37:25

Health: -1/111     AC: 16    Str: 22    XL:     14   Next: 46%
Magic:  18/18      EV: 13    Int: 12    God:    Okawaru [******]
Gold:   1023       SH: 25    Dex: 10    Spells: 13/18 levels left

rFire    . . .     SeeInvis +   V - +1 battleaxe (freeze)
rCold    . . .     Gourm    .   P - +1 large shield {AC+3}
rNeg     + . .     Faith    .   u - +4 scale mail {rN+}
rPois    .         Spirit   .   (helmet unavailable)
rElec    .         Reflect  +   (no cloak)
rCorr    .         Harm     .   m - +0 pair of gloves
MR       ++...                  (no boots)
Stlth    ..........             T - +4 amulet of reflection
HPRegen  0.28/turn              s - ring of protection from magic
MPRegen  0.16/turn              L - ring of wizardry

@: no status effects
A: permanent stasis, dig shafts and tunnels, four strong arms, antennae 3
a: Dig, Shaft Self, Heroism, Finesse, Renounce Religion


You were in a Gauntlet.
You worshipped Okawaru.
Okawaru was exalted by your worship.
You were not hungry.

You visited 3 branches of the dungeon, and saw 16 of its levels.
You also visited: Gauntlet and Ice Cave.

You collected 1118 gold pieces.
You spent 95 gold pieces at shops.

Inventory:

Hand Weapons
 a - a +2 war axe of electrocution
 b - a +2 war axe of venom
 g - a +2 hunting sling of flaming
 w - a +0 whip of electrocution
 B - the +6 hand axe of Guilt {chop, MR+}
   (Okawaru gifted it to you in an ice cave)

   It inflicts extra damage upon your enemies.
   It affects your resistance to hostile enchantments.
 V - a +1 battleaxe of freezing (weapon)
 W - a +4 scimitar of flaming
Missiles
 h - 433 stones (quivered)
 q - 59 sling bullets
 t - 2 throwing nets
Armour
 m - a +0 pair of gloves (worn)
 u - a +4 scale mail of positive energy (worn)
 G - a +1 scale mail of poison resistance
 P - a +1 large shield of protection (worn)
 S - a +2 ring mail of fire resistance
Magical Staves
 v - an uncursed staff of cold
Jewellery
 n - an uncursed ring of positive energy
 s - a ring of protection from magic (left hand)
 H - an uncursed ring of ice
 J - an uncursed amulet of the acrobat
 L - a ring of wizardry (right hand)
 O - an uncursed ring of resist corrosion
 T - a +4 amulet of reflection (around neck)
Wands
 c - a wand of disintegration (10)
 j - a wand of polymorph (13)
 R - a wand of acid (5)
 X - a wand of random effects (17)
Scrolls
 k - 3 scrolls of fog
 l - a scroll of magic mapping
 p - 6 scrolls of remove curse
 x - 6 scrolls of fear
 y - 4 scrolls of identify
 D - a scroll of torment {unknown}
 F - a scroll of random uselessness {unknown}
 I - a scroll of silence
 N - 3 scrolls of immolation
 U - 3 scrolls of amnesia
Potions
 d - 6 potions of might
 e - 3 potions of ambrosia
 i - a potion of cancellation
 o - 5 potions of curing
 r - 3 potions of agility
 A - a potion of heal wounds
 C - a potion of magic
 E - 4 potions of mutation
 K - a potion of resistance
 M - a potion of invisibility
 Y - a potion of flight
 Z - a potion of lignification
Comestibles
 f - 22 rations
 z - 5 chunks of flesh


   Skills:
 + Level 10.9 Fighting
 * Level 13.3 Axes
 - Level 7.4 Armour
 - Level 7.0 Dodging
 * Level 14.7 Shields
 + Level 2.7 Spellcasting
 + Level 3.3 Charms
 + Level 3.2 Necromancy
 + Level 2.1 Air Magic
 + Level 3.7 Poison Magic
 - Level 6.0 Invocations


You had 13 spell levels left.
You knew the following spells:

 Your Spells              Type           Power        Failure   Level  Hunger
a - Regeneration          Chrm/Necr      #.........   19%         3    ###....
b - Poisonous Vapours     Pois/Air       #.....       12%         2    ###....

Your spell library contained the following spells:

 Spells                   Type           Power        Failure   Level  Hunger
 Animate Skeleton         Necr           N/A          6%          1    #......
 Pain                     Necr           #...         6%          1    #......
 Vampiric Draining        Necr           #.........   19%         3    ###....
 Beastly Appendage        Tmut           #.....       24%         1    #......
 Summon Small Mammal      Summ           #...         24%         1    #......
 Mephitic Cloud           Conj/Pois/Air  #.......     32%         3    ###....
 Spider Form              Tmut/Pois      #.........   32%         3    ###....
 Call Imp                 Summ           #.......     34%         2    ###....
 Sticks to Snakes         Tmut           #.......     34%         2    ###....
 Animate Dead             Necr           N/A          52%         4    #####..
 Call Canine Familiar     Summ           #.......     56%         3    ###....
 Conjure Flame            Conj/Fire      #.......     56%         3    ###....
 Summon Guardian Golem    Hex/Summ       #.......     56%         3    ###....
 Summon Lightning Spire   Summ/Air       #.......     80%         4    #####..
 Ice Form                 Ice/Tmut       #.......     91%         4    #####..
 Summon Ice Beast         Ice/Summ       #.......     91%         4    #####..
 Venom Bolt               Conj/Pois      #.........   95%         5    ######.
 Iskenderun's Battlesphe  Conj/Chrm      #.......     96%         5    ######.
 Blade Hands              Tmut           #.........   99%         5    ######.
 Bolt of Magma            Conj/Fire/Erth #.........   99%         5    ######.
 Metabolic Englaciation   Hex/Ice        #.........   99%         5    ######.
 Bolt of Cold             Conj/Ice       #.........   100%        6    #######
 Freezing Cloud           Conj/Ice/Air   #.........   100%        6    #######
 Iron Shot                Conj/Erth      #.........   100%        6    #######
 Ozocubu's Refrigeration  Ice            #.........   100%        6    #######
 Simulacrum               Ice/Necr       #.........   100%        6    #######
 Orb of Destruction       Conj           #.........   100%        7    #######
 Ring of Flames           Chrm/Fire      #.........   100%        7    #######
 Spellforged Servitor     Conj/Summ      #.........   100%        7    #######


Dungeon Overview and Level Annotations

Branches:
Dungeon (11/15)            Temple (1/1) D:6            Lair (4/6) D:11
 Shoals (0/4) Lair:2        Snake (0/4) Lair:2          Orc (0/2) D:9
  IceCv (visited)         Gauntlet (1/1)

Altars:
Ashenzari
Cheibriados
Dithmenos
Elyvilon
Fedhas
Gozag
Hepliaklqana
Kikubaaqudgha
Makhleb
Nemelex Xobeh
Okawaru
Qazlal
Ru
Sif Muna
Trog
Uskayaw
Vehumet
Wu Jian
Xom
Yredelemnul
Zin
The Shining One

Shops:
D:8 *   D:9 (

Annotations:
Gauntlet 9 transporters


Innate Abilities, Weirdness & Mutations

You cannot be hasted, slowed, berserked, paralysed or teleported.
You can dig through walls and to a lower floor.
Your four strong arms can wield two-handed weapons with a shield.
You have a pair of large antennae on your head. (SInv)


Message History

The catoblepas is almost dead.
You kill the catoblepas!
Okawaru accepts your kill.
Unknown command.
Unknown command.
You barely miss the molten gargoyle.
The molten gargoyle is lightly damaged.
The molten gargoyle blasts magma at you!
The bolt of magma hits you but does no damage.
Unknown command.
Unknown command.
You feel better.
The molten gargoyle blasts magma at you!
The bolt of magma hits you!!
* * * LOW HITPOINT WARNING * * *
You feel better. You block the molten gargoyle's attack.
You feel better.
The molten gargoyle blasts magma at you!
The bolt of magma hits you!!
You die...

####§..###########..###
#....§....#.©.#.....#8#
#...≈8≈...#...#.8...###
#....≈....#.©.#.....#
####...###########..###
...#...#..#?©?..[#..#8#
.#.#...#...#.....#..###
#..#...#...#...)##..#
.#.#...#....#.##@#..###
#..#...#...###..9#..#8#
.#.#...#.##.#©...#..###
#..#...##....#...#..#
.#.#...#.....#...#..###
ZZ.#...#......#..#..#8#
####...###########..###
#....§....#.©.#.....#
#...§8§...#...#.8...###


You could see a molten gargoyle.

Vanquished Creatures
  A frost giant (IceCv)
  Harold (D:8)
  5 two-headed ogres
  Erica (Lair:2)
  2 catoblepae (Gauntlet)
  10 death yaks
  An unseen horror (D:10)
  Pikel (D:8)
  A manticore (Lair:2)
  2 cyclopes (D:11)
  2 guardian serpents (D:9)
  3 black mambas
  3 gargoyles (Gauntlet)
  4 spiny frogs
  A rime drake (D:11)
  A kobold demonologist (D:11)
  5 komodo dragons
  4 trolls
  21 polar bears
  5 hippogriffs
  Sigmund (D:6)
  4 wyverns
  27 yaks
  The ghost of Kagalorn the Changer, an amateur DrTm (D:6)
  A naga (Lair:2)
  7 water moccasins
  5 porcupines
  6 orc warriors
  2 phantoms
  3 sky beasts
  3 ice beasts
  4 slaves (D:8)
  2 black bears
  13 wolves
  An ogre (D:9)
  3 centaurs
  5 crocodiles
  A big kobold (D:11)
  13 bullfrogs
  A scorpion (D:7)
  A water moccasin skeleton (D:9)
  14 wights
  A howler monkey (D:9)
  2 centaur zombies
  A bullfrog zombie (D:7)
  7 crimson imps
  A quasit (D:8)
  9 jellies
  5 hounds
  2 centaur skeletons
  4 orc priests
  13 orc wizards
  3 bullfrog skeletons
  4 iguanas
  Jessica (D:9)
  Terence (D:2)
  3 worker ants
  3 worker ant zombies
  Robin (D:2)
  A howler monkey skeleton (D:9)
  10 adders
  12 gnolls
  2 shadow imps
  7 oozes
  An adder skeleton (D:5)
  A worm (D:3)
  A dart slug (D:1)
  6 leopard geckos
  34 orcs
  5 bats
  8 giant cockroaches
  14 goblins
  11 hobgoblins
  9 jackals
  10 quokkas
  7 frilled lizards
  A jackal skeleton (D:4)
  A jackal zombie (D:5)
  10 kobolds
  6 rats
  A fungus (Lair:3)
  2 plants
413 creatures vanquished.

Vanquished Creatures (others)
  A death yak (IceCv)
  A molten gargoyle (Gauntlet)
  2 rime drakes (IceCv)
  A polar bear (IceCv)
  5 wolves (IceCv)
  5 fungi
15 creatures vanquished.

Grand Total: 428 creatures vanquished

Notes
Turn   | Place    | Note
-------+----------+-------------------------------------------
     0 | D:1      | 1994 the Formicid Fighter began the quest for the Orb.
     0 | D:1      | Reached XP level 1. HP: 18/18 MP: 1/1
     2 | D:1      | Noticed a felid
     2 | D:1      | Noticed an elf
     4 | D:1      | Noticed a human
     6 | D:1      | Noticed a vampire
     6 | D:1      | Noticed a demigod
     8 | D:1      | Noticed a tengu
     8 | D:1      | Noticed a spriggan
    10 | D:1      | Noticed a merfolk
    10 | D:1      | Noticed a dwarf
    12 | D:1      | Noticed a demonspawn
    12 | D:1      | Noticed an octopode
    14 | D:1      | Noticed a vine stalker
    14 | D:1      | Noticed a naga
    16 | D:1      | Noticed a troll
    18 | D:1      | Noticed a gargoyle
    18 | D:1      | Noticed a formicid
    20 | D:1      | Noticed a minotaur
    22 | D:1      | Noticed a ghoul
    22 | D:1      | Noticed a draconian
    25 | D:1      | Noticed a halfling
    25 | D:1      | Noticed a centaur
    27 | D:1      | Noticed an ogre
   108 | D:1      | Reached XP level 2. HP: 24/24 MP: 2/2
   251 | D:1      | Reached skill level 4 in Shields
   408 | D:1      | Reached XP level 3. HP: 29/29 MP: 3/3
   841 | D:1      | Reached XP level 4. HP: 22/35 MP: 4/4
  1456 | D:2      | Reached skill level 1 in Dodging
  1521 | D:2      | Reached XP level 5. HP: 37/41 MP: 5/5
  1583 | D:2      | Noticed Robin
  1587 | D:2      | Noticed Terence
  1601 | D:2      | Killed Robin
  1622 | D:2      | Killed Terence
  1911 | D:3      | Found an iron altar of Okawaru.
  1939 | D:3      | Became a worshipper of Warmaster Okawaru
  2183 | D:2      | Reached skill level 5 in Shields
  2409 | D:3      | Reached XP level 6. HP: 48/48 MP: 6/6
  2465 | D:3      | Found a radiant altar of Vehumet.
  2852 | D:3      | Found a glowing golden altar of the Shining One.
  3222 | D:3      | Found a white marble altar of Elyvilon.
  3279 | D:3      | Found a stormy altar of Qazlal.
  3664 | D:3      | Reached skill level 8 in Shields
  3664 | D:3      | Reached XP level 7. HP: 60/60 MP: 7/7
  4141 | D:5      | Entered Level 5 of the Dungeon
  4150 | D:5      | Reached XP level 8. HP: 67/67 MP: 8/8
  4316 | D:5      | Found a sacrificial altar of Ru.
  4742 | D:6      | Noticed Sigmund
  5309 | D:6      | Reached * piety under Okawaru
  5547 | D:6      | Found a runed translucent door.
  5553 | D:6      | Noticed Kagalorn's ghost (amateur DrTm)
  5746 | D:6      | Found a shimmering blue altar of Sif Muna.
  5755 | D:6      | Reached skill level 5 in Dodging
  5770 | D:6      | Reached skill level 1 in Invocations
  6052 | D:6      | Killed Sigmund
  6052 | D:6      | Reached XP level 9. HP: 42/72 MP: 8/10
  6242 | D:6      | Found an ornate altar of the Wu Jian Council.
  6277 | D:6      | Found a staircase to the Ecumenical Temple.
  6301 | Temple   | Entered the Ecumenical Temple
  6806 | D:6      | Killed Kagalorn's ghost
  6975 | D:7      | Reached ** piety under Okawaru
  7032 | D:7      | Reached skill level 9 in Shields
  7672 | D:8      | Noticed Pikel
  7731 | D:8      | Killed Pikel
  7731 | D:8      | Reached *** piety under Okawaru
  7731 | D:8      | Reached XP level 10. HP: 73/79 MP: 11/11
  7781 | D:8      | Noticed a two-headed ogre
  7793 | D:8      | Killed a two-headed ogre
  7884 | D:8      | Found Zeso's Assorted Antiques.
  7887 | D:8      | Bought a copper ring for 95 gold pieces
  8153 | D:8      | Reached **** piety under Okawaru
  8153 | D:8      | Reached skill level 10 in Shields
  8237 | D:8      | Noticed Harold
  8280 | D:8      | Killed Harold
  8497 | D:8      | Found a bloodstained altar of Trog.
  8514 | D:8      | Reached ***** piety under Okawaru
  8640 | D:9      | Noticed a guardian serpent
  8727 | D:9      | Killed a guardian serpent
  8727 | D:9      | Reached skill level 10 in Axes
  8869 | D:9      | Reached XP level 11. HP: 79/86 MP: 12/12
  8886 | D:9      | Found a hide-covered altar of Uskayaw.
  9249 | D:9      | Noticed a two-headed ogre
  9268 | D:9      | Killed a two-headed ogre
  9268 | D:9      | Received a gift from Okawaru
  9446 | D:9      | Noticed Jessica
  9458 | D:9      | Killed Jessica
  9464 | D:9      | Found a shimmering blue altar of Sif Muna.
  9569 | D:9      | Noticed a two-headed ogre
  9726 | D:8      | Killed a two-headed ogre
  9726 | D:8      | Reached skill level 11 in Shields
  9825 | D:9      | Found Qietz's Weapon Emporium.
  9844 | D:9      | Found a staircase to the Orcish Mines.
 10127 | D:10     | Entered Level 10 of the Dungeon
 10417 | D:10     | Noticed an unseen horror
 10431 | D:10     | Killed an unseen horror
 10991 | D:11     | Noticed a cyclops
 11017 | D:11     | Killed a cyclops
 11102 | D:11     | Reached XP level 12. HP: 59/95 MP: 15/15
 11245 | D:11     | Found a frozen archway.
 11343 | D:11     | Reached skill level 12 in Shields
 11445 | IceCv    | Entered an ice cave
 11692 | IceCv    | Reached skill level 5 in Invocations
 12216 | IceCv    | Noticed a death yak
 12254 | IceCv    | Killed a death yak
 12571 | IceCv    | Learned a level 3 spell: Regeneration
 12698 | IceCv    | Noticed a frost giant
 12786 | IceCv    | Received a gift from Okawaru
 12792 | IceCv    | Got a shimmering hand axe {god gift}
 12793 | IceCv    | Identified the +6 hand axe of Guilt {chop, MR+} (Okawaru
                  | gifted it to you in an ice cave)
 12851 | IceCv    | Reached skill level 13 in Shields
 12901 | IceCv    | Reached XP level 13. HP: 101/103 MP: 17/17
 13357 | IceCv    | Killed a frost giant
 13357 | IceCv    | Reached skill level 10 in Fighting
 13789 | D:11     | Found a staircase to the Lair.
 13866 | D:11     | Received a gift from Okawaru
 14586 | D:11     | Reached skill level 1 in Charms
 14610 | D:11     | Reached skill level 1 in Necromancy
 14632 | D:11     | Reached skill level 14 in Shields
 15042 | Lair:1   | Entered Level 1 of the Lair of Beasts
 15195 | Lair:1   | Learned a level 2 spell: Poisonous Vapours
 15265 | Lair:1   | You fall into a shaft and drop 1 floor!
 15294 | Lair:2   | Reached skill level 1 in Poison Magic
 15304 | Lair:2   | Reached ****** piety under Okawaru
 15389 | Lair:2   | Received a gift from Okawaru
 15389 | Lair:2   | Reached skill level 1 in Spellcasting
 15541 | Lair:2   | Found a staircase to the Snake Pit.
 15566 | Lair:2   | Reached skill level 1 in Air Magic
 15663 | Lair:2   | Noticed Erica
 15676 | Lair:2   | Killed Erica
 15688 | Lair:2   | Reached XP level 14. HP: 73/111 MP: 18/18
 16255 | Lair:2   | Found a staircase to the Shoals.
 17276 | Lair:3   | Received a gift from Okawaru
 17861 | Lair:4   | Found a gate leading to a gauntlet.
 17957 | Gauntlet | Entered a Gauntlet
 17957 | Gauntlet | Found a transporter.
 17957 | Gauntlet | Found a transporter.
 17958 | Gauntlet | Found a transporter.
 17961 | Gauntlet | Found a transporter.
 17961 | Gauntlet | Found a transporter.
 17973 | Gauntlet | Found a transporter.
 17975 | Gauntlet | Found a transporter.
 17985 | Gauntlet | Found a transporter.
 18072 | Gauntlet | Found a transporter.
 18086 | Gauntlet | Found a transporter.
 18090 | Gauntlet | Found a transporter.
 18102 | Gauntlet | Found a transporter.
 18392 | Gauntlet | HP: 4/111 [molten gargoyle/bolt of magma (19)]
 18394 | Gauntlet | Killed from afar by a molten gargoyle

Levels and vault maps discovered:
D:1:      kb_arrival_jail, layout_basic, minmay_small_reverse_x
D:2:      layout_basic, first_ration, uniq_terence, uniq_robin
D:3:      wad_woods_stonehenge, layout_loops_corners, tso_altar,
          okawaru_metal_pillars_1_2, lemuel_round_altar, chequers_big_river,
          serial_bayou_pond_d, elyvilon_altar_4
D:4:      layout_rooms, hangedman_decor_opposing
D:5:      layout_basic, nicolae_ru_awakened_eye
D:6:      kennysheep_orc_sif_temple, layout_basic, old_standard_altar,
          temple_statues, ebering_ghost_sewer_d, uniq_sigmund
D:7:      layout_gridville
D:8:      layout_loops_ring, kennysheep_little_box, serial_shops,
          kennysheep_mini, hex_medium, uniq_pikel, uniq_harold
D:9:      nrook_guardian_serpent_snake_passage, layout_basic,
          lemuel_doored_altar, tgw_sif, orc_david_3,
          hangedman_little_slice_of_home, kennysheep_small_circle
D:10:     layout_basic
D:11:     layout_stronghold, dpeg_lair_monsters,
          portal_ice_cave_entry_animals_and_master
Temple:   jpeg_temple_clearing
Lair:1:   layout_regular_city
Lair:2:   layout_loops_ring, minmay_shoals_entry_beasts,
          guppyfry_snake_entry_island, grunt_megastairs_2, uniq_erica
Lair:3:   layout_roguey
Lair:4:   layout_cave_shapes, gauntlet_entry_generic
Gauntlet: gammafunk_gauntlet_hard_choice [nicolae_gauntlet_arena_quarters,
          gammafunk_gauntlet_arena_spirals, nicolae_gauntlet_swirl,
          gammafunk_gauntlet_arena_grid, gammafunk_gauntlet_arena_split_diamond,
          gammafunk_gauntlet_arena_teeth, gauntlet_exit_hidden_loot]

Skill      XL: |  1  2  3  4  5  6  7  8  9 10 11 12 13 14 |
---------------+-------------------------------------------+-----
Shields        | 4 5 8 9 10 11 13 14 | 14.7
Axes           | 3 8 9 10 12 13 | 13.3
Dodging        | 1 4 5 6 7 |  7.0
Fighting       | 7 8 9 10 | 10.9
Armour         | 6 7 |  7.4
Invocations    | 1 2 4 6 |  6.0
Charms         | 2 3 |  3.3
Necromancy     | 2 3 |  3.2
Poison Magic   | 2 3 |  3.7
Spellcasting   | 1 2 |  2.7
Air Magic      | 1 2 |  2.1

Action                   |  1- 3 |  4- 6 |  7- 9 | 10-12 | 13-15 || total
-------------------------+-------+-------+-------+-------+-------++-------
Melee: War axe           |    81 |   237 |   382 |    85 |   386 ||  1171
       Spear             |       |     4 |     5 |       |       ||     9
       Hand axe          |       |       |    49 |  1107 |   109 ||  1265
       Whip              |       |       |       |    16 |       ||    16
       Battleaxe         |       |       |       |       |    50 ||    50
Throw: Dart              |     4 |    29 |    30 |    14 |     1 ||    78
       Throwing net      |       |       |       |     4 |       ||     4
Invok: Heroism           |       |       |       |     7 |     2 ||     9
       Finesse           |       |       |       |       |     2 ||     2
 Abil: Dig               |     1 |     9 |     2 |     5 |     1 ||    18
Evoke: Wand              |       |       |       |     4 |       ||     4
  Use: Scroll            |       |     7 |    10 |     3 |     7 ||    27
       Potion            |       |     1 |     1 |     4 |     3 ||     9
 Stab: Held in net/web   |       |       |       |     4 |       ||     4
  Eat: Chunk             |       |    10 |    10 |    19 |    15 ||    54
       Ration            |       |       |     1 |       |     1 ||     2
Armor: Scale mail        |    21 |   111 |   112 |   221 |    62 ||   527
Dodge: Dodged            |    36 |    78 |   114 |   278 |    84 ||   590
Block: Shield            |    52 |   134 |    89 |       |       ||   275
       Large shield      |       |       |   218 |   936 |   396 ||  1550
       Reflection        |       |       |       |       |     8 ||     8
